Map: [ESL] Inside and Out

Players

PattyMac

  • Race: Protoss Protoss
  • Spawn Location: 7:00

Dolan - Winner!

  • Race: Terran Terran
  • Spawn Location: 1:00

Event: DreamHack SC2 Masters 2022 Valencia

VOD

Have the link to the VOD?

Description

Time

  • Played on: July 1, 2022, 10:55 a.m.
  • Length: 9:05

All games in this series

Show
View Real Time Build Order
Export as new Build Order

PattyMac Protoss 

Build Orders: 1 Gate Expand, Dark Templar Rush 

Get SALT Encoding   

  12  0:00  Probe  
  13  0:12  Probe  
  14  0:16  Pylon  
  14  0:24  Probe (Chrono Boost)  
  16  0:36  Probe (Chrono Boost), Gateway  
  16  0:43  Probe (Chrono Boost)  
  16  0:45  Assimilator  
  17  0:51  Probe  
  18  1:03  Probe  
  19  1:06  Gateway  
  19  1:23  Cybernetics Core  
  19  1:37  Nexus  
  19  1:45  Pylon  
  20  1:47  Probe  
  18  2:01  Adept (Chrono Boost)  
  22  2:02  Probe  
  25  2:09  Adept (Chrono Boost), Assimilator  
  25  2:16  Probe  
  25  2:18  Warp Gate  
  26  2:28  Probe, Adept (Chrono Boost)  
  29  2:33  Adept  
  31  2:43  Pylon  
  31  2:49  Probe  
  30  3:03  Probe (Chrono Boost)  
  29  3:08  Twilight Council, Probe (Chrono Boost)  
  30  3:14  Probe (Chrono Boost), Robotics Facility  
  30  3:17  Probe (Chrono Boost)  
  30  3:19  Probe (Chrono Boost)  
  32  3:27  Probe  
  32  3:29  Gateway  
  32  3:30  Probe  
  34  3:39  Probe  
  33  3:42  Probe  
  34  3:48  Dark Shrine  
  34  3:51  Probe  
  34  3:53  Pylon  
  34  3:54  Probe  
  34  3:58  Warp Prism (Chrono Boost)  
  36  4:03  Probe  
  36  4:06  Probe  
  38  4:13  Shield Battery  
  38  4:14  Stalker  
  38  4:16  Probe  
  41  4:21  Stalker  
  43  4:31  Immortal (Chrono Boost)  
  47  4:36  Gateway  
  47  4:39  Probe  
  47  4:41  Assimilator  
  47  4:43  Probe  
  49  4:47  Pylon  
  49  4:55  Probe  
  49  4:56  Pylon  
  49  4:58  Zealot  
  52  5:00  Probe  
  52  5:03  Dark Templar  
  52  5:04  Dark Templar  
  57  5:08  Probe  
  57  5:11  Shield Battery  
  57  5:13  Probe  
  43  5:29  Dark Templar  
  43  5:32  Stalker  
  32  5:39  Zealot x2  
  25  5:55  Dark Templar  
  25  5:56  Probe x2  
  27  6:08  Probe (Chrono Boost)  
  26  6:12  Probe (Chrono Boost)  
  28  6:20  Probe (Chrono Boost)  
  28  6:24  Stalker  
  28  6:25  Stalker  
  32  6:26  Probe (Chrono Boost)  
  33  6:33  Probe  
  35  6:40  Probe (Chrono Boost)  
  35  6:42  Sentry  
  35  6:44  Stalker  
  39  6:47  Probe (Chrono Boost)  
  40  6:59  Zealot  
  40  7:00  Stalker  
  45  7:01  Probe  
  45  7:03  Probe (Chrono Boost)  
  46  7:12  Stalker  
  46  7:15  Probe (Chrono Boost)  
  50  7:19  Probe (Chrono Boost)  
  50  7:25  Stalker  
  50  7:26  Zealot  
  43  7:38  Sentry  
  43  7:42  Probe x2  
  41  7:52  Pylon  
  41  7:54  Probe  
  42  8:04  Probe (Chrono Boost)  
  43  8:11  Probe (Chrono Boost)  
  42  8:13  Dark Templar  
  42  8:17  Probe (Chrono Boost)  
  42  8:19  Assimilator  
  45  8:22  Probe (Chrono Boost)  
  45  8:25  Probe (Chrono Boost)  
  51  8:34  Stalker  
  51  8:36  Probe  
  51  8:39  Sentry  
  51  8:40  Probe  
  57  8:55  Dark Templar x2  
Show
View Real Time Build Order
Export as new Build Order

Dolan Terran - Winner!

Build Orders:  

Get SALT Encoding   

  12  0:00  SCV  
  13  0:12  SCV  
  14  0:16  Supply Depot  
  14  0:24  SCV  
  15  0:38  SCV  
  15  0:39  Barracks  
  15  0:42  Refinery  
  16  0:50  SCV  
  17  1:02  SCV  
  18  1:14  SCV  
  19  1:28  Orbital Command, Barracks Reactor  
  19  1:39  Command Center  
  19  1:47  Supply Depot  
  19  1:54  SCV  
  20  2:04  Marine x2  
  20  2:07  Barracks  
  22  2:10  SCV  
  23  2:22  Marine x2  
  25  2:24  Barracks  
  25  2:29  SCV  
  26  2:39  Marine  
  26  2:40  Marine  
  26  2:43  SCV  
  28  3:00  Marine x2  
  28  3:01  Barracks Tech Lab  
  28  3:04  Orbital Command  
  28  3:06  SCV  
  29  3:12  Barracks Tech Lab  
  29  3:15  Refinery  
  29  3:18  Marine x2  
  29  3:19  SCV, Marine, Stimpack  
  33  3:30  SCV  
  33  3:31  SCV  
  35  3:34  Supply Depot  
  35  3:39  Marine x4  
  37  3:45  Combat Shield  
  37  3:46  SCV x2  
  39  3:51  Supply Depot  
  39  3:57  Marine x2  
  39  3:58  Marauder x2  
  39  4:00  SCV x2  
  47  4:05  Factory  
  47  4:12  SCV x2  
  47  4:14  Supply Depot  
  49  4:19  Marauder  
  49  4:20  Marine, Marauder  
  49  4:21  Marine  
  55  4:25  SCV x2  
  55  4:28  Engineering Bay  
  57  4:37  Refinery, SCV x2, Supply Depot  
  59  4:45  Marine x2  
  59  4:46  Marine x2  
  59  4:49  SCV x2  
  59  4:52  Starport  
  65  4:58  Factory Reactor  
  65  5:01  SCV x2  
  65  5:03  Supply Depot  
  65  5:06  Refinery  
  65  5:07  Marine x4  
  67  5:13  SCV x2  
  70  5:27  Marine x2, Marauder x2  
  55  5:44  Marine x2  
  55  5:48  Marine x2  
  54  5:55  Missile Turret  
  46  6:05  Marine x2  
  46  6:07  Medivac x2  
  51  6:11  SCV  
  51  6:12  SCV  
  51  6:15  Marine  
  51  6:16  Marine  
  55  6:19  Missile Turret  
  55  6:22  Marine x2  
  55  6:24  SCV x2  
  59  6:36  SCV x2  
  61  6:45  Medivac  
  61  6:46  Medivac  
  65  6:52  Factory Reactor  
  65  6:56  Marauder x2  
  65  6:59  Marine x2  
  71  7:02  SCV  
  71  7:05  SCV  
  70  7:20  Marauder  
  70  7:21  Marine x2, Marauder  
  66  7:42  Marine x2  
  66  7:43  Marauder x2  
  68  7:51  Widow Mine  
  68  7:52  Widow Mine  
  72  8:01  Marine x2  
  72  8:04  Marauder x2  
  78  8:17  Medivac x2, Widow Mine x2  
  86  8:25  Supply Depot  
  86  8:26  SCV x2  
  88  8:36  Marine x2  
  88  8:37  Marauder x2  
  94  8:43  Supply Depot  

Tags
 
Add a new tag
Caveats
  • Supply blocks, unpowered buildings, or Contaminate may cause inaccurate times.
  • Supply counts are checked every 10 seconds.